BlueJackets vs Canadiens

Created - February 28 2008 at 19:09

Goals
1 2 3 T
BlueJackets 0 0 1 1
Canadiens 2 1 2 5
Shots
1 2 3 T
BlueJackets 6 9 7 22
Canadiens 11 19 9 39

Period #1

1. Canadiens , Lubomir Visnovsky 12 (Martin Havlat, Jason Arnott) at 3:15
2. Canadiens , Christoph Schubert 3 (Ville Peltonen, Viktor Kozlov) at 5:52

Penalties :
Martin Havlat (MTL) for Tripping (Minor) at 7:03, Mike Ribeiro (MTL) for Tripping (Minor) at 10:26

Period #2

3. Canadiens , Martin Havlat 24 (Andrei Markov, Lubomir Visnovsky) at 2:04 (PP)

Penalties :
Mike Grier (CBJ) for Slashing (Minor) at 1:25, Erik Christensen (CBJ) for Holding (Minor) at 5:43, Anze Kopitar (CBJ) for Interference (Minor) at 9:51, Christian Ehrhoff (CBJ) for Hooking (Minor) at 16:48, Ed Jovanovski (MTL) for Roughing (Minor) at 17:34

Period #3

4. Canadiens , Martin Havlat 25 (Lubomir Visnovsky, Markus Naslund) at 0:24
5. BlueJackets , Mike Grier 13 (Steve Rucchin, Jason Smith) at 10:09
6. Canadiens , Martin Havlat 26 (Lubomir Visnovsky, Andrei Markov) at 19:14

Penalties :
Andy Mcdonald (CBJ) for Hooking (Minor) at 2:35, Alain Nasreddine (CBJ) for Tripping (Minor) at 14:47, Ryan Malone (MTL) for Hooking (Minor) at 19:25

Goalie Stats

Niklas Backstrom (CBJ), 34 saves from 39 shots - (0.872), L, 25-28-4, 60:00 minutes
Rick Dipietro (MTL), 21 saves from 22 shots - (0.955), W, 24-12-8, 60:00 minutes

Players Stats

BlueJackets
Player Name              G  A  P  +/- PIM S  H  SB FO MP 
-----------------------------------------------------------
Alain Nasreddine         0  0  0  -1  2   0  1  2  0  21 
Alexander Svitov         0  0  0   0  0   0  2  1  16 17 
Andy Mcdonald            0  0  0  -2  2   1  3  0  28 20 
Anze Kopitar             0  0  0   0  2   1  0  0  15 17 
Brent Burns              0  0  0  -1  0   0  0  2  0  4  
Bryan Berard             0  0  0  -2  0   0  0  1  0  19 
Christian Ehrhoff        0  0  0  -2  2   0  0  0  0  25 
Dan Fritsche             0  0  0   0  0   0  0  0  1  11 
Erik Christensen         0  0  0  -2  2   1  0  0  2  19 
Fredrik Modin            0  0  0   0  0   3  0  0  2  16 
Jaromir Jagr             0  0  0  -2  0   2  0  0  3  21 
Jason Chimera            0  0  0  -1  0   5  2  0  1  12 
Jason Smith              0  1  1   1  0   0  5  3  0  21 
Mike Grier               1  0  1  -1  2   3  2  0  5  15 
Nick Schultz             0  0  0  -1  0   1  0  1  0  26 
Steve Rucchin            0  1  1  -1  0   0  0  1  21 16 
Teemu Selanne            0  0  0   0  0   3  0  0  0  14 
Vyacheslav Kozlov        0  0  0   0  0   2  0  0  0  14 
Canadiens
Player Name              G  A  P  +/- PIM S  H  SB FO MP 
-----------------------------------------------------------
Alexei Yashin            0  0  0   0  0   0  0  0  8  7  
Andrei Markov            0  2  2   3  0   0  0  2  0  25 
Andrej Meszaros          0  0  0   1  0   0  3  2  0  16 
Christoph Schubert       1  0  1   1  0   1  1  0  0  18 
Darcy Tucker             0  0  0  -1  0   2  3  0  0  19 
Ed Jovanovski            0  0  0  -1  2   2  0  0  0  21 
Filip Kuba               0  0  0  -1  0   0  0  1  0  17 
Jason Arnott             0  1  1   3  0   3  1  0  29 17 
Lubomir Visnovsky        1  3  4   3  0   4  1  1  0  25 
Markus Naslund           0  1  1   3  0   6  0  0  0  17 
Martin Havlat            3  1  4   3  2   5  0  0  0  16 
Mike Comrie              0  0  0  -1  0   3  1  0  4  19 
Mike Ribeiro             0  0  0  -1  2   4  0  0  26 19 
Niklas Hagman            0  0  0   0  0   0  0  0  1  10 
Ryan Malone              0  0  0   0  2   0  1  0  7  10 
Scott Gomez              0  0  0   1  0   5  0  0  12 20 
Viktor Kozlov            0  1  1   1  0   1  0  0  5  18 
Ville Peltonen           0  1  1   1  0   3  2  0  2  18 

3 Stars

1 - Martin Havlat (MTL)
2 - Lubomir Visnovsky (MTL)
3 - Andrei Markov (MTL)

Power Play

BlueJackets - 0 on 4 Attempt(s) - 0.00%
Canadiens - 1 on 6 Attempt(s) - 16.67%

Penalty Kill

BlueJackets - 5 on 6 Attempt(s) - 83.33% - Score 0 goal in Penalty Kill
Canadiens - 4 on 4 Attempt(s) - 100.00% - Score 0 goal in Penalty Kill

Game Notes

Brent Burns is injured at 6:15 of 1st period (Sore Right Knee)
Martin Havlat has scored a Hat Trick!

Finance

Level 1 -- Attendance: 3911 (55.87%) -- Ticket Income $391,100.00
Level 2 -- Attendance: 3129 (52.15%) -- Ticket Income $187,740.00
Level 3 -- Attendance: 1270 (39.92%) -- Ticket Income $44,450.00
Level 4 -- Attendance: 2018 (48.05%) -- Ticket Income $60,540.00
Luxury Box -- Attendance: 532 (42.56%) -- Ticket Income $133,000.00
Game was played at the Bell Centre
Total Attendance: 10860 (50.21%)
Total Ticket Income: $823,365.80
Other Income: $176,047.20
Total Income: $999,413.00


Play by Play

Period #1

0:01 of 1st period - Jason Arnott wins face-off versus Andy Mcdonald in neutral zone.
0:54 of 1st period - Icing by Brent Burns.
0:55 of 1st period - Jaromir Jagr wins face-off versus Mike Ribeiro in BlueJackets zone.
1:14 of 1st period - Vyacheslav Kozlov is hit by Darcy Tucker and loses puck.
1:32 of 1st period - Icing by Filip Kuba.
1:33 of 1st period - Mike Grier wins face-off versus Mike Ribeiro in Canadiens zone.
1:53 of 1st period - Ed Jovanovski is hit by Jason Chimera and loses puck.
3:01 of 1st period - Shot by Ville Peltonen.
3:01 of 1st period - Shot Misses the Net.
3:05 of 1st period - Shot by Scott Gomez.
3:05 of 1st period - Stopped by Niklas Backstrom without a rebound.
3:06 of 1st period - Jason Arnott wins face-off versus Andy Mcdonald in BlueJackets zone.
3:15 of 1st period - Shot by Lubomir Visnovsky.
3:15 of 1st period - Goal by Lubomir Visnovsky - BlueJackets : 0 - Canadiens : 1.
3:16 of 1st period - Alexei Yashin wins face-off versus Andy Mcdonald in neutral zone.
3:27 of 1st period - Shot by Jaromir Jagr.
3:27 of 1st period - Shot Misses the Net.
3:29 of 1st period - Shot by Jaromir Jagr.
3:29 of 1st period - Stopped by Rick Dipietro with a rebound.
3:33 of 1st period - Shot by Jaromir Jagr.
3:33 of 1st period - Shot Blocked by Andrei Markov.
3:35 of 1st period - Shot by Christian Ehrhoff.
3:35 of 1st period - Shot Blocked by Lubomir Visnovsky.
4:18 of 1st period - Icing by Scott Gomez.
4:19 of 1st period - Anze Kopitar wins face-off versus Scott Gomez in Canadiens zone.
4:44 of 1st period - Shot by Ville Peltonen.
4:44 of 1st period - Stopped by Niklas Backstrom without a rebound.
4:45 of 1st period - Mike Ribeiro wins face-off versus Steve Rucchin in BlueJackets zone.
4:54 of 1st period - Shot by Ed Jovanovski.
4:54 of 1st period - Shot Misses the Net.
4:56 of 1st period - Shot by Darcy Tucker.
4:56 of 1st period - Stopped by Niklas Backstrom without a rebound.
4:57 of 1st period - Jason Arnott wins face-off versus Steve Rucchin in BlueJackets zone.
5:13 of 1st period - Shot by Mike Grier.
5:13 of 1st period - Stopped by Rick Dipietro without a rebound.
5:14 of 1st period - Mike Comrie wins face-off versus Anze Kopitar in Canadiens zone.
5:26 of 1st period - Jason Smith is hit by Darcy Tucker and loses puck.
5:42 of 1st period - Off-side.
5:43 of 1st period - Scott Gomez wins face-off versus Steve Rucchin in neutral zone.
5:46 of 1st period - Shot by Viktor Kozlov.
5:46 of 1st period - Shot Misses the Net.
5:50 of 1st period - Shot by Ville Peltonen.
5:50 of 1st period - Shot Blocked by Steve Rucchin.
5:52 of 1st period - Shot by Christoph Schubert.
5:52 of 1st period - Goal by Christoph Schubert - BlueJackets : 0 - Canadiens : 2.
5:53 of 1st period - Jason Arnott wins face-off versus Erik Christensen in neutral zone.
6:04 of 1st period - Shot by Markus Naslund.
6:04 of 1st period - Stopped by Niklas Backstrom without a rebound.
6:05 of 1st period - Scott Gomez wins face-off versus Alexander Svitov in BlueJackets zone.
6:11 of 1st period - Shot by Scott Gomez.
6:11 of 1st period - Shot Blocked by Alexander Svitov.
6:13 of 1st period - Shot by Viktor Kozlov.
6:13 of 1st period - Shot Blocked by Brent Burns.
6:15 of 1st period - Shot by Christoph Schubert.
6:15 of 1st period - Shot Blocked by Brent Burns.
6:15 of 1st period - Brent Burns from BlueJackets is injured at 6:15 of 1st period (Sore Right Knee).
6:16 of 1st period - Jason Arnott wins face-off versus Steve Rucchin in BlueJackets zone.
6:31 of 1st period - Shot by Markus Naslund.
6:31 of 1st period - Stopped by Niklas Backstrom without a rebound.
6:32 of 1st period - Mike Ribeiro wins face-off versus Andy Mcdonald in BlueJackets zone.
7:02 of 1st period - Shot by Mike Ribeiro.
7:02 of 1st period - Stopped by Niklas Backstrom without a rebound.
7:03 of 1st period - Steve Rucchin wins face-off versus Jason Arnott in BlueJackets zone.
7:03 of 1st period - Minor Penalty to Martin Havlat for Tripping.
7:04 of 1st period - Anze Kopitar wins face-off versus Niklas Hagman in BlueJackets zone.
7:13 of 1st period - Shot by Fredrik Modin.
7:13 of 1st period - Stopped by Rick Dipietro without a rebound.
7:14 of 1st period - Andy Mcdonald wins face-off versus Ryan Malone in Canadiens zone.
8:54 of 1st period - Icing by Fredrik Modin.
8:55 of 1st period - Ryan Malone wins face-off versus Anze Kopitar in BlueJackets zone.
9:15 of 1st period - Icing by Jason Chimera.
9:16 of 1st period - Jason Arnott wins face-off versus Steve Rucchin in BlueJackets zone.
9:16 of 1st period - Jason Arnott is hit by Jason Smith.
10:24 of 1st period - Icing by Christian Ehrhoff.
10:25 of 1st period - Alexander Svitov wins face-off versus Mike Ribeiro in BlueJackets zone.
10:25 of 1st period - Alexander Svitov is hit by Mike Comrie.
10:26 of 1st period - Minor Penalty to Mike Ribeiro for Tripping.
10:27 of 1st period - Ryan Malone wins face-off versus Andy Mcdonald in BlueJackets zone.
10:52 of 1st period - Off-side.
10:53 of 1st period - Viktor Kozlov wins face-off versus Anze Kopitar in neutral zone.
11:20 of 1st period - Shot by Fredrik Modin.
11:20 of 1st period - Stopped by Rick Dipietro without a rebound.
11:21 of 1st period - Ryan Malone wins face-off versus Andy Mcdonald in Canadiens zone.
11:31 of 1st period - Andy Mcdonald is hit by Lubomir Visnovsky and loses puck.
12:17 of 1st period - Icing by Bryan Berard.
12:18 of 1st period - Ryan Malone wins face-off versus Anze Kopitar in BlueJackets zone.
12:19 of 1st period - Shot by Lubomir Visnovsky.
12:19 of 1st period - Shot Blocked by Bryan Berard.
12:48 of 1st period - Shot by Jason Chimera.
12:48 of 1st period - Stopped by Rick Dipietro with a rebound.
13:03 of 1st period - Shot by Ed Jovanovski.
13:03 of 1st period - Stopped by Niklas Backstrom with a rebound.
13:27 of 1st period - Shot by Teemu Selanne.
13:27 of 1st period - Deflect By Anze Kopitar.
13:27 of 1st period - Shot Misses the Net.
13:29 of 1st period - Shot by Vyacheslav Kozlov.
13:29 of 1st period - Shot Blocked by Andrej Meszaros.
13:31 of 1st period - Shot by Teemu Selanne.
13:31 of 1st period - Shot Blocked by Andrej Meszaros.
13:58 of 1st period - Shot by Teemu Selanne.
13:58 of 1st period - Stopped by Rick Dipietro without a rebound.
13:59 of 1st period - Andy Mcdonald wins face-off versus Alexei Yashin in Canadiens zone.
14:51 of 1st period - Off-side.
14:52 of 1st period - Alexander Svitov wins face-off versus Mike Comrie in neutral zone.
15:19 of 1st period - Shot by Mike Ribeiro.
15:19 of 1st period - Shot Blocked by Jason Smith.
17:52 of 1st period - Shot by Mike Comrie.
17:52 of 1st period - Stopped by Niklas Backstrom without a rebound.
17:53 of 1st period - Scott Gomez wins face-off versus Alexander Svitov in BlueJackets zone.
17:56 of 1st period - Shot by Ville Peltonen.
17:56 of 1st period - Shot Misses the Net.
17:58 of 1st period - Shot by Ville Peltonen.
17:58 of 1st period - Shot Blocked by Nick Schultz.
18:04 of 1st period - Shot by Scott Gomez.
18:04 of 1st period - Shot Misses the Net.
18:06 of 1st period - Shot by Ville Peltonen.
18:06 of 1st period - Deflect By Viktor Kozlov.
18:06 of 1st period - Stopped by Niklas Backstrom without a rebound.
18:07 of 1st period - Alexei Yashin wins face-off versus Anze Kopitar in BlueJackets zone.
19:28 of 1st period - Andrej Meszaros is hit by Andy Mcdonald and loses puck.

Period #2

0:01 of 2nd period - Jason Arnott wins face-off versus Andy Mcdonald in neutral zone.
0:01 of 2nd period - Martin Havlat is hit by Andy Mcdonald and loses puck.
0:37 of 2nd period - Icing by Nick Schultz.
0:38 of 2nd period - Mike Ribeiro wins face-off versus Andy Mcdonald in BlueJackets zone.
0:54 of 2nd period - Icing by Erik Christensen.
0:55 of 2nd period - Viktor Kozlov wins face-off versus Andy Mcdonald in BlueJackets zone.
1:15 of 2nd period - Icing by Andrej Meszaros.
1:16 of 2nd period - Steve Rucchin wins face-off versus Scott Gomez in Canadiens zone.
1:24 of 2nd period - Christoph Schubert is hit by Jason Chimera and loses puck.
1:25 of 2nd period - Minor Penalty to Mike Grier for Slashing.
1:26 of 2nd period - Steve Rucchin wins face-off versus Jason Arnott in neutral zone.
1:32 of 2nd period - Icing by Martin Havlat.
1:33 of 2nd period - Jason Arnott wins face-off versus Steve Rucchin in Canadiens zone.
2:02 of 2nd period - Shot by Andrei Markov.
2:02 of 2nd period - Shot Misses the Net.
2:04 of 2nd period - Shot by Martin Havlat.
2:04 of 2nd period - Goal by Martin Havlat - BlueJackets : 0 - Canadiens : 3.
2:05 of 2nd period - Alexander Svitov wins face-off versus Mike Ribeiro in neutral zone.
2:17 of 2nd period - Shot by Mike Comrie.
2:17 of 2nd period - Stopped by Niklas Backstrom without a rebound.
2:18 of 2nd period - Scott Gomez wins face-off versus Andy Mcdonald in BlueJackets zone.
3:16 of 2nd period - Shot by Steve Rucchin.
3:16 of 2nd period - Shot Misses the Net.
3:34 of 2nd period - Shot by Jason Chimera.
3:34 of 2nd period - Stopped by Rick Dipietro without a rebound.
3:35 of 2nd period - Anze Kopitar wins face-off versus Jason Arnott in Canadiens zone.
3:38 of 2nd period - Shot by Vyacheslav Kozlov.
3:38 of 2nd period - Stopped by Rick Dipietro without a rebound.
3:39 of 2nd period - Anze Kopitar wins face-off versus Jason Arnott in Canadiens zone.
4:59 of 2nd period - Darcy Tucker is hit by Alain Nasreddine and loses puck.
5:12 of 2nd period - Mike Comrie is hit by Mike Grier.
5:20 of 2nd period - Shot by Mike Ribeiro.
5:20 of 2nd period - Stopped by Niklas Backstrom with a rebound.
5:22 of 2nd period - Shot by Mike Comrie.
5:22 of 2nd period - Shot Misses the Net.
5:43 of 2nd period - Minor Penalty to Erik Christensen for Holding.
5:44 of 2nd period - Jason Arnott wins face-off versus Alexander Svitov in neutral zone.
5:47 of 2nd period - Shot by Lubomir Visnovsky.
5:47 of 2nd period - Shot Misses the Net.
5:49 of 2nd period - Shot by Jason Arnott.
5:49 of 2nd period - Stopped by Niklas Backstrom without a rebound.
5:50 of 2nd period - Jason Arnott wins face-off versus Alexander Svitov in BlueJackets zone.
6:07 of 2nd period - Shot by Lubomir Visnovsky.
6:07 of 2nd period - Stopped by Niklas Backstrom without a rebound.
6:08 of 2nd period - Mike Ribeiro wins face-off versus Fredrik Modin in BlueJackets zone.
6:13 of 2nd period - Shot by Mike Ribeiro.
6:13 of 2nd period - Stopped by Niklas Backstrom without a rebound.
6:14 of 2nd period - Alexander Svitov wins face-off versus Mike Ribeiro in BlueJackets zone.
6:14 of 2nd period - Alexander Svitov is hit by Darcy Tucker.
7:03 of 2nd period - Shot by Andrei Markov.
7:03 of 2nd period - Shot Misses the Net.
7:05 of 2nd period - Shot by Martin Havlat.
7:05 of 2nd period - Shot Misses the Net.
7:07 of 2nd period - Shot by Markus Naslund.
7:07 of 2nd period - Stopped by Niklas Backstrom without a rebound.
7:08 of 2nd period - Mike Grier wins face-off versus Jason Arnott in BlueJackets zone.
7:19 of 2nd period - Shot by Lubomir Visnovsky.
7:19 of 2nd period - Shot Blocked by Jason Smith.
7:21 of 2nd period - Shot by Markus Naslund.
7:21 of 2nd period - Stopped by Niklas Backstrom with a rebound.
7:23 of 2nd period - Shot by Lubomir Visnovsky.
7:23 of 2nd period - Stopped by Niklas Backstrom without a rebound.
7:24 of 2nd period - Jaromir Jagr wins face-off versus Mike Ribeiro in BlueJackets zone.
7:32 of 2nd period - Off-side.
7:33 of 2nd period - Steve Rucchin wins face-off versus Mike Ribeiro in neutral zone.
8:10 of 2nd period - Shot by Andrej Meszaros.
8:10 of 2nd period - Shot Misses the Net.
8:12 of 2nd period - Shot by Viktor Kozlov.
8:12 of 2nd period - Shot Misses the Net.
8:16 of 2nd period - Shot by Scott Gomez.
8:16 of 2nd period - Stopped by Niklas Backstrom without a rebound.
8:17 of 2nd period - Anze Kopitar wins face-off versus Alexei Yashin in BlueJackets zone.
8:17 of 2nd period - Anze Kopitar is hit by Ryan Malone.
8:20 of 2nd period - Icing by Vyacheslav Kozlov.
8:21 of 2nd period - Anze Kopitar wins face-off versus Alexei Yashin in BlueJackets zone.
9:26 of 2nd period - Shot by Andy Mcdonald.
9:26 of 2nd period - Stopped by Rick Dipietro without a rebound.
9:27 of 2nd period - Alexander Svitov wins face-off versus Mike Ribeiro in Canadiens zone.
9:51 of 2nd period - Minor Penalty to Anze Kopitar for Interference.
9:52 of 2nd period - Steve Rucchin wins face-off versus Mike Ribeiro in BlueJackets zone.
10:43 of 2nd period - Shot by Markus Naslund.
10:43 of 2nd period - Deflect By Jason Arnott.
10:43 of 2nd period - Stopped by Niklas Backstrom without a rebound.
10:44 of 2nd period - Jason Arnott wins face-off versus Steve Rucchin in BlueJackets zone.
10:45 of 2nd period - Shot by Andrej Meszaros.
10:45 of 2nd period - Shot Misses the Net.
10:47 of 2nd period - Shot by Markus Naslund.
10:47 of 2nd period - Shot Misses the Net.
10:49 of 2nd period - Shot by Martin Havlat.
10:49 of 2nd period - Stopped by Niklas Backstrom without a rebound.
10:50 of 2nd period - Jason Arnott wins face-off versus Mike Grier in BlueJackets zone.
11:41 of 2nd period - Shot by Ed Jovanovski.
11:41 of 2nd period - Shot Misses the Net.
11:43 of 2nd period - Shot by Mike Ribeiro.
11:43 of 2nd period - Stopped by Niklas Backstrom with a rebound.
11:47 of 2nd period - Shot by Darcy Tucker.
11:47 of 2nd period - Shot Misses the Net.
12:20 of 2nd period - Shot by Scott Gomez.
12:20 of 2nd period - Stopped by Niklas Backstrom without a rebound.
12:21 of 2nd period - Alexei Yashin wins face-off versus Anze Kopitar in BlueJackets zone.
12:28 of 2nd period - Shot by Niklas Hagman.
12:28 of 2nd period - Shot Misses the Net.
12:34 of 2nd period - Shot by Ryan Malone.
12:34 of 2nd period - Shot Misses the Net.
12:38 of 2nd period - Shot by Alexei Yashin.
12:38 of 2nd period - Shot Misses the Net.
12:48 of 2nd period - Shot by Teemu Selanne.
12:48 of 2nd period - Stopped by Rick Dipietro without a rebound.
12:49 of 2nd period - Jason Arnott wins face-off versus Andy Mcdonald in Canadiens zone.
12:56 of 2nd period - Shot by Martin Havlat.
12:56 of 2nd period - Deflect By Markus Naslund.
12:56 of 2nd period - Shot Blocked by Alain Nasreddine.
12:58 of 2nd period - Shot by Lubomir Visnovsky.
12:58 of 2nd period - Shot Blocked by Alain Nasreddine.
13:02 of 2nd period - Shot by Markus Naslund.
13:02 of 2nd period - Shot Misses the Net.
13:22 of 2nd period - Shot by Martin Havlat.
13:22 of 2nd period - Stopped by Niklas Backstrom without a rebound.
13:23 of 2nd period - Mike Comrie wins face-off versus Steve Rucchin in BlueJackets zone.
13:49 of 2nd period - Shot by Mike Grier.
13:49 of 2nd period - Stopped by Rick Dipietro with a rebound.
13:51 of 2nd period - Shot by Steve Rucchin.
13:51 of 2nd period - Deflect By Jason Chimera.
13:51 of 2nd period - Stopped by Rick Dipietro without a rebound.
13:52 of 2nd period - Alexander Svitov wins face-off versus Scott Gomez in Canadiens zone.
14:31 of 2nd period - Shot by Scott Gomez.
14:31 of 2nd period - Stopped by Niklas Backstrom without a rebound.
14:32 of 2nd period - Mike Ribeiro wins face-off versus Steve Rucchin in BlueJackets zone.
14:35 of 2nd period - Shot by Mike Comrie.
14:35 of 2nd period - Deflect By Mike Ribeiro.
14:35 of 2nd period - Shot Misses the Net.
15:02 of 2nd period - Shot by Jason Chimera.
15:02 of 2nd period - Stopped by Rick Dipietro without a rebound.
15:03 of 2nd period - Andy Mcdonald wins face-off versus Jason Arnott in Canadiens zone.
16:13 of 2nd period - Fredrik Modin is hit by Andrej Meszaros and loses puck.
16:38 of 2nd period - Shot by Ville Peltonen.
16:38 of 2nd period - Stopped by Niklas Backstrom without a rebound.
16:39 of 2nd period - Mike Grier wins face-off versus Mike Ribeiro in BlueJackets zone.
16:47 of 2nd period - Shot by Mike Comrie.
16:47 of 2nd period - Stopped by Niklas Backstrom without a rebound.
16:48 of 2nd period - Mike Ribeiro wins face-off versus Andy Mcdonald in BlueJackets zone.
16:48 of 2nd period - Minor Penalty to Christian Ehrhoff for Hooking.
16:49 of 2nd period - Mike Ribeiro wins face-off versus Mike Grier in BlueJackets zone.
17:17 of 2nd period - Icing by Mike Comrie.
17:18 of 2nd period - Fredrik Modin wins face-off versus Mike Ribeiro in Canadiens zone.
17:34 of 2nd period - Minor Penalty to Ed Jovanovski for Roughing.
17:35 of 2nd period - Andy Mcdonald wins face-off versus Jason Arnott in Canadiens zone.
17:58 of 2nd period - Shot by Markus Naslund.
17:58 of 2nd period - Stopped by Niklas Backstrom without a rebound.
17:59 of 2nd period - Jason Arnott wins face-off versus Anze Kopitar in BlueJackets zone.
18:14 of 2nd period - Shot by Anze Kopitar.
18:14 of 2nd period - Deflect By Teemu Selanne.
18:14 of 2nd period - Stopped by Rick Dipietro with a rebound.
18:52 of 2nd period - Icing by Jaromir Jagr.
18:53 of 2nd period - Andy Mcdonald wins face-off versus Ryan Malone in BlueJackets zone.
18:58 of 2nd period - Shot by Christian Ehrhoff.
18:58 of 2nd period - Shot Misses the Net.
19:02 of 2nd period - Shot by Vyacheslav Kozlov.
19:02 of 2nd period - Stopped by Rick Dipietro without a rebound.
19:03 of 2nd period - Viktor Kozlov wins face-off versus Andy Mcdonald in Canadiens zone.
19:13 of 2nd period - Off-side.
19:14 of 2nd period - Viktor Kozlov wins face-off versus Andy Mcdonald in neutral zone.
19:23 of 2nd period - Shot by Vyacheslav Kozlov.
19:23 of 2nd period - Shot Blocked by Filip Kuba.
19:40 of 2nd period - Alexander Svitov is hit by Andrej Meszaros and loses puck.
19:50 of 2nd period - Andrej Meszaros is hit by Jason Smith and loses puck.

Period #3

0:01 of 3rd period - Andy Mcdonald wins face-off versus Jason Arnott in neutral zone.
0:24 of 3rd period - Shot by Martin Havlat.
0:24 of 3rd period - Goal by Martin Havlat - BlueJackets : 0 - Canadiens : 4.
0:25 of 3rd period - Steve Rucchin wins face-off versus Mike Ribeiro in neutral zone.
0:50 of 3rd period - Shot by Jason Chimera.
0:50 of 3rd period - Stopped by Rick Dipietro without a rebound.
0:51 of 3rd period - Scott Gomez wins face-off versus Anze Kopitar in Canadiens zone.
0:51 of 3rd period - Andrej Meszaros is hit by Jason Smith and loses puck.
1:03 of 3rd period - Shot by Viktor Kozlov.
1:03 of 3rd period - Shot Misses the Net.
1:05 of 3rd period - Shot by Ville Peltonen.
1:05 of 3rd period - Shot Misses the Net.
1:07 of 3rd period - Shot by Scott Gomez.
1:07 of 3rd period - Stopped by Niklas Backstrom without a rebound.
1:08 of 3rd period - Andy Mcdonald wins face-off versus Jason Arnott in BlueJackets zone.
1:27 of 3rd period - Shot by Christian Ehrhoff.
1:27 of 3rd period - Shot Misses the Net.
1:29 of 3rd period - Shot by Nick Schultz.
1:29 of 3rd period - Shot Blocked by Andrei Markov.
1:31 of 3rd period - Shot by Nick Schultz.
1:31 of 3rd period - Stopped by Rick Dipietro without a rebound.
1:32 of 3rd period - Mike Ribeiro wins face-off versus Jason Chimera in Canadiens zone.
1:32 of 3rd period - Mike Ribeiro is hit by Mike Grier.
2:02 of 3rd period - Shot by Ed Jovanovski.
2:02 of 3rd period - Stopped by Niklas Backstrom with a rebound.
2:05 of 3rd period - Icing by Bryan Berard.
2:06 of 3rd period - Steve Rucchin wins face-off versus Ville Peltonen in BlueJackets zone.
2:06 of 3rd period - Jason Chimera is hit by Ville Peltonen and loses puck.
2:30 of 3rd period - Off-side.
2:31 of 3rd period - Jason Arnott wins face-off versus Andy Mcdonald in neutral zone.
2:35 of 3rd period - Minor Penalty to Andy Mcdonald for Hooking.
2:36 of 3rd period - Alexander Svitov wins face-off versus Jason Arnott in neutral zone.
2:49 of 3rd period - Fredrik Modin is hit by Jason Arnott.
4:07 of 3rd period - Scott Gomez is hit by Jason Smith and loses puck.
4:50 of 3rd period - Shot by Erik Christensen.
4:50 of 3rd period - Stopped by Rick Dipietro without a rebound.
4:51 of 3rd period - Alexei Yashin wins face-off versus Alexander Svitov in Canadiens zone.
5:23 of 3rd period - Icing by Andrei Markov.
5:24 of 3rd period - Ryan Malone wins face-off versus Andy Mcdonald in Canadiens zone.
5:24 of 3rd period - Andrei Markov is hit by Andy Mcdonald and loses puck.
6:23 of 3rd period - Shot by Anze Kopitar.
6:23 of 3rd period - Stopped by Rick Dipietro with a rebound.
6:47 of 3rd period - Shot by Darcy Tucker.
6:47 of 3rd period - Stopped by Niklas Backstrom without a rebound.
6:48 of 3rd period - Andy Mcdonald wins face-off versus Ville Peltonen in BlueJackets zone.
6:48 of 3rd period - Andy Mcdonald is hit by Ville Peltonen.
7:12 of 3rd period - Off-side.
7:13 of 3rd period - Alexander Svitov wins face-off versus Mike Ribeiro in neutral zone.
8:08 of 3rd period - Shot by Scott Gomez.
8:08 of 3rd period - Shot Misses the Net.
8:18 of 3rd period - Andrej Meszaros is hit by Alexander Svitov and loses puck.
8:28 of 3rd period - Shot by Ville Peltonen.
8:28 of 3rd period - Deflect By Viktor Kozlov.
8:28 of 3rd period - Shot Misses the Net.
8:30 of 3rd period - Shot by Christoph Schubert.
8:30 of 3rd period - Shot Hit the Post.
9:33 of 3rd period - Icing by Mike Ribeiro.
9:34 of 3rd period - Steve Rucchin wins face-off versus Mike Ribeiro in Canadiens zone.
10:07 of 3rd period - Shot by Mike Grier.
10:07 of 3rd period - Shot Misses the Net.
10:09 of 3rd period - Shot by Mike Grier.
10:09 of 3rd period - Goal by Mike Grier - BlueJackets : 1 - Canadiens : 4.
10:10 of 3rd period - Andy Mcdonald wins face-off versus Scott Gomez in neutral zone.
11:39 of 3rd period - Icing by Lubomir Visnovsky.
11:40 of 3rd period - Jason Arnott wins face-off versus Dan Fritsche in Canadiens zone.
11:40 of 3rd period - Jason Arnott is hit by Alexander Svitov.
11:54 of 3rd period - Shot by Fredrik Modin.
11:54 of 3rd period - Stopped by Rick Dipietro without a rebound.
11:55 of 3rd period - Alexander Svitov wins face-off versus Mike Ribeiro in Canadiens zone.
11:58 of 3rd period - Shot by Dan Fritsche.
11:58 of 3rd period - Shot Misses the Net.
12:01 of 3rd period - Icing by Mike Comrie.
12:02 of 3rd period - Alexander Svitov wins face-off versus Mike Ribeiro in Canadiens zone.
12:28 of 3rd period - Off-side.
12:29 of 3rd period - Scott Gomez wins face-off versus Steve Rucchin in neutral zone.
14:18 of 3rd period - Icing by Lubomir Visnovsky.
14:19 of 3rd period - Steve Rucchin wins face-off versus Jason Arnott in Canadiens zone.
14:47 of 3rd period - Minor Penalty to Alain Nasreddine for Tripping.
14:48 of 3rd period - Mike Ribeiro wins face-off versus Jaromir Jagr in BlueJackets zone.
15:53 of 3rd period - Shot by Markus Naslund.
15:53 of 3rd period - Deflect By Jason Arnott.
15:53 of 3rd period - Stopped by Niklas Backstrom without a rebound.
15:54 of 3rd period - Steve Rucchin wins face-off versus Mike Ribeiro in BlueJackets zone.
16:18 of 3rd period - Shot by Ed Jovanovski.
16:18 of 3rd period - Shot Misses the Net.
16:46 of 3rd period - Shot by Lubomir Visnovsky.
16:46 of 3rd period - Shot Misses the Net.
16:51 of 3rd period - Shot by Ville Peltonen.
16:51 of 3rd period - Stopped by Niklas Backstrom without a rebound.
16:52 of 3rd period - Andy Mcdonald wins face-off versus Scott Gomez in BlueJackets zone.
16:52 of 3rd period - Andy Mcdonald is hit by Christoph Schubert.
17:02 of 3rd period - Icing by Andrej Meszaros.
17:03 of 3rd period - Anze Kopitar wins face-off versus Scott Gomez in Canadiens zone.
17:24 of 3rd period - Teemu Selanne is hit by Andrej Meszaros and loses puck.
18:07 of 3rd period - Shot by Jaromir Jagr.
18:07 of 3rd period - Stopped by Rick Dipietro without a rebound.
18:08 of 3rd period - Alexander Svitov wins face-off versus Mike Comrie in Canadiens zone.
18:19 of 3rd period - Shot by Fredrik Modin.
18:19 of 3rd period - Shot Misses the Net.
18:26 of 3rd period - Ed Jovanovski is hit by Jason Smith and loses puck.
18:31 of 3rd period - Shot by Mike Comrie.
18:31 of 3rd period - Shot Blocked by Jason Smith.
19:02 of 3rd period - Icing by Alain Nasreddine.
19:03 of 3rd period - Jason Arnott wins face-off versus Andy Mcdonald in BlueJackets zone.
19:06 of 3rd period - Shot by Markus Naslund.
19:06 of 3rd period - Stopped by Niklas Backstrom without a rebound.
19:07 of 3rd period - Jason Arnott wins face-off versus Steve Rucchin in BlueJackets zone.
19:12 of 3rd period - Shot by Lubomir Visnovsky.
19:12 of 3rd period - Stopped by Niklas Backstrom with a rebound.
19:14 of 3rd period - Shot by Martin Havlat.
19:14 of 3rd period - Goal by Martin Havlat - BlueJackets : 1 - Canadiens : 5.
19:15 of 3rd period - Alexei Yashin wins face-off versus Erik Christensen in neutral zone.
19:22 of 3rd period - Shot by Niklas Hagman.
19:22 of 3rd period - Shot Misses the Net.
19:25 of 3rd period - Minor Penalty to Ryan Malone for Hooking.
19:26 of 3rd period - Viktor Kozlov wins face-off versus Andy Mcdonald in BlueJackets zone.


Output by the SimonT Hockey Simulator (STHS) for Stephane Roy -- Original Page W3C XHTML 1.0 Valid